 Dungeon Crawl Stone Soup version 0.29.1-15-g9cfb28693d (webtiles) character file.

Game seed: 870314361346789260

221 hawla the Chiller (level 6, -2/28 (45) HPs)
             Began as a Meteoran Ice Elementalist on Apr 15, 2023.
             Was a Priest of Fedhas.
             Slain by Grinder (4 damage)
             ... on level 4 of the Dungeon.
             The game lasted 00:11:33 (1678 turns).

hawla the Chiller (Meteoran Ice Elementalist)       Turns: 1678, Time: 00:11:33

HP:   -2/28 (45)    AC:  6    Str:  8 (9)  XL:     6   Next: 42%
MP:   4/11          EV: 13    Int: 17 (18) God:    Fedhas [***...]
Gold: 140           SH:  0    Dex: 16      Spells: 3/11 levels left

rFire   . . .      SeeInvis .   (no weapon)
rCold   . . .      Faith    .   (no shield)
rNeg    . . .      Spirit   .   a - +0 robe
rPois   .          Reflect  .   e - +2 helmet
rElec   .          Harm     .   (no cloak)
rCorr   .          Rampage  .   (no gloves)
Will    .....                   o - +0 pair of boots
Stlth   +.........              (no amulet)
HPRegen 0.09/turn               (no ring)
MPRegen 0.12/turn               (no ring)

@: very slightly contaminated, glowing, very heavily drained
A: sense surroundings 1, otherworldly, glowing, explore regen, talons 1,
deterioration 1, wild magic 1
a: Renounce Religion, Wall of Briars, Grow Ballistomycete


You were on level 4 of the Dungeon.
You worshipped Fedhas.
Fedhas was most pleased with you.
You visited 1 branch of the dungeon, and saw 4 of its levels.
You also visited: Sewer.

You collected 140 gold pieces.

Inventory:

Armour
 a - a +0 robe (worn)
 e - a +2 helmet (worn)
 o - a +0 pair of boots (worn)
Wands
 c - a wand of charming (5) (quivered)
Potions
 b - a potion of berserk rage
 f - a potion of heal wounds
 g - 2 potions of degeneration
 m - 3 potions of flight


   Skills:
 - Level 2.6 Dodging
 - Level 1.4 Stealth
 - Level 3.3 Spellcasting
 + Level 4.0 Conjurations
 - Level 5.1 Ice Magic
 - Level 2.3 Invocations
 - Level 2.5 Evocations


You had 3 spell levels left.
You knew the following spells:

 Your Spells              Type           Power      Damage    Failure   Level
a - Freeze                Ice            100%       1d11      3%          1
b - Frozen Ramparts       Ice            52%        1d8       10%         3
c - Hailstorm             Conj/Ice       24%        3d7       34%         4

Your spell library contained the following spells:

 Spells                   Type           Power      Damage    Failure   Level
 Ozocubu's Armour         Ice            26%        N/A       10%         3


Dungeon Overview and Level Annotations

Branches:
Dungeon (4/15) Zot: 1319    Sewer (visited)
 Temple: D:4-7

Altars:
Cheibriados
Elyvilon
Fedhas
Uskayaw

Annotations:
D:4 Grinder, Robin


Innate Abilities, Weirdness & Mutations

You passively map a small area around you.
You are easily found by Zot.
You glow in the dark.
You regain HP and MP as you explore.
You have sharp toenails.
Your body sometimes deteriorates upon taking damage.
Your spells are a little harder to cast, but a little more powerful.


Message History

As you read the scroll of magic mapping, it crumbles to dust.
You feel aware of your surroundings.
The wall freezes Grinder but does no damage.
Grinder barely misses you.
Your frozen ramparts will break if you move.
Continue?
Grinder attacks as you move away! Grinder hits you but does no damage.
The frozen ramparts melt away as you move.
Grinder attacks as you move away! Grinder closely misses you.
Grinder gestures at you.
You suddenly lose the ability to move!
Grinder says, "Mostly I couldn't keep them alive."
Grinder blinks!
Grinder gestures at you.
You barely resist.
You can move again.
Grinder gestures at you. Pain shoots through your body!
Your body deteriorates!
You feel dopey.
There is an escape hatch in the floor here.
You hit Grinder but do no damage. Grinder hits you.
You hit Grinder but do no damage. Grinder gestures at you.
Pain shoots through your body!
* * * LOW HITPOINT WARNING * * *
You closely miss Grinder. Grinder gestures at you.
You resist with significant effort.
Casting: Hailstorm (astonishingly dangerous; 34% risk of failure)
Confirm with . or Enter, or press ? or * to list all spells.
Aiming: Freeze (safe; 3% risk of failure)
Press: ? - help, Shift-Dir - straight line, f - Grinder
Aim: Grinder You freeze Grinder.
Grinder resists.
Grinder is lightly wounded.
You feel your willpower return. Grinder hits you!
* * * LOW HITPOINT WARNING * * *
You writhe in agony.
You die...
Fedhas appreciates your contribution to the ecosystem.

*,,,,,,,,,,,** *,,,,,,*
**#########,,# *,,,,,,*
#........,.# *,,,,,,*
######.#######..##******,*
#<...............## *,*
######.##...####..####**,*
#..+...+.........,,,*
####...#.........,***
######@5.#[..$..!..,*
#..................,*
#..........######..**
#..........# **,****
#..........# *,*,,,
#..........# *,*,,,
#..........# *,+,,,
#..........# ***,,,
#..........# *,,,


You could see Grinder.

Vanquished Creatures
  A hound (D:3)
  4 river rats (Sewer)
  6 adders
  6 worms
  5 dart slugs
  2 orcs (D:3)
  7 ball pythons
  10 bats
  4 endoplasms
  5 giant cockroaches
  6 goblins
  2 hobgoblins
  5 jackals
  5 quokkas
  3 frilled lizards (D:1)
  A kobold (D:3)
  4 rats
76 creatures vanquished.

Notes
Turn   | Place    | Note
-------+----------+-------------------------------------------
     0 | D:1      | hawla the Meteoran Ice Elementalist began the quest for the
                  | Orb.
     0 | D:1      | Reached XP level 1. HP: 14/14 MP: 5/5
    47 | D:1      | Reached XP level 2. HP: 9/20 MP: 0/6
   113 | D:1      | Found a faded altar of an unknown god.
   133 | D:1      | Reached skill level 5 in Ice Magic
   164 | D:1      | Prayed at the altar of an unknown god.
   164 | D:1      | Became a worshipper of Fedhas Madash
   164 | D:1      | Reached * piety under Fedhas
   177 | D:1      | Reached XP level 3. HP: 26/26 MP: 6/8
   192 | D:1      | Learned a level 3 spell: Frozen Ramparts
   290 | D:3      | Reached skill level 1 in Evocations
   319 | D:2      | Reached XP level 4. HP: 29/33 MP: 6/9
   367 | D:3      | Reached skill level 1 in Invocations
   425 | D:4      | Noticed Robin
   431 | D:3      | Reached XP level 5. HP: 36/38 MP: 7/10
   628 | D:3      | Reached ** piety under Fedhas
   678 | D:3      | Found a hide-covered altar of Uskayaw.
   685 | D:3      | Found a white marble altar of Elyvilon.
   827 | D:3      | Found a snail-covered altar of Cheibriados.
   927 | D:3      | Found a glowing drain.
   936 | Sewer    | Entered a sewer
   942 | Sewer    | Learned a level 4 spell: Hailstorm
   981 | Sewer    | Reached skill level 1 in Conjurations
  1221 | Sewer    | Reached XP level 6. HP: 45/45 MP: 6/11
  1259 | Sewer    | Gained mutation: Your spells are a little harder to cast,
                  | but a little more powerful. [potion of mutation]
  1259 | Sewer    | Gained mutation: You have sharp toenails. [potion of
                  | mutation]
  1259 | Sewer    | Gained mutation: Your body sometimes deteriorates upon
                  | taking damage. [potion of mutation]
  1355 | Sewer    | Glimpsed the power of Zot.
  1391 | Sewer    | Glimpsed the power of Zot.
  1419 | Sewer    | Glimpsed the power of Zot.
  1426 | Sewer    | Touched by the power of Zot.
  1520 | Sewer    | Glimpsed the power of Zot.
  1656 | D:4      | Reached *** piety under Fedhas
  1661 | D:4      | Noticed Grinder
  1668 | D:4      | Paralysed by Grinder for 4 turns
  1678 | D:4      | Slain by Grinder

Illustrated notes

Levels and vault maps discovered:
D:1:      matt_arrival_spirals, layout_basic, dreamdust_ecumenical_altar_grove,
          minmay_small_reverse_x
D:2:      layout_rooms, kennysheep_another_room
D:3:      layout_loops_ring, mainiacjoe_overflow_catwalk,
          grunt_temple_overflow_open, cheibrodos_sewer_entry_bend
D:4:      layout_basic, grunt_ministairs_9, uniq_grinder, uniq_robin,
          uniq_natasha

Skill      XL: |  1  2  3  4  5  6 |
---------------+-------------------+-----
Ice Magic      | 5 |  5.1
Spellcasting   | 3 |  3.3
Evocations     | 1 2 |  2.5
Invocations    | 2 |  2.3
Conjurations   | 2 4 |  4.0
Dodging        | |  2.6
Stealth        | |  1.4

Action                   |  1- 3 |  4- 6 || total
-------------------------+-------+-------++-------
Melee: Unarmed           |     7 |    66 ||    73
 Cast: Freeze            |    37 |    50 ||    87
       Frozen Ramparts   |     1 |    19 ||    20
       Hailstorm         |       |     1 ||     1
  Use: Potion            |     2 |     3 ||     5
       Scroll            |       |     9 ||     9
Armor: Robe              |    11 |    49 ||    60
Dodge: Dodged            |    24 |    81 ||   105
